[Event "Live Chess"]
[Site "Chess.com"]
[Date "2023.05.20"]
[Round "-"]
[White "Outspanner"]
[Black "mightysmasher"]
[Result "0-1"]
[WhiteElo "1572"]
[BlackElo "2090"]
[TimeControl "300"]
[EndTime "10:03:50 PDT"]
[Termination "mightysmasher won by checkmate"]

1. d4 d5 2. Bg5 Nf6 3. Bxf6 exf6 4. e3 c5 5. Bb5+ Nc6 6. Nc3 Be6 7. Nge2 Be7 8. Nf4 O-O 9. h4 cxd4 10. exd4 Bb4 11. O-O Qd6 12. Nd3 Ba5 13. Nc5 Bc7 14. g3 Rab8 15. Bd3 Nxd4 16. Bxh7+ Kxh7 17. Qxd4 Bb6 18. N3a4 Bc7 19. Nd3 b6 20. Nc3 a6 21. Rae1 Rbd8 22. Nf4 Bf5 23. Re2 Bg4 24. Re3 Be6 25. Rd1 Bg4 26. Rd2 b5 27. Qxd5 Qb6 28. Qe4+ f5 29. Rxd8 Rxd8 30. Qe7 Bxf4 31. gxf4 b4 32. Ne2 Rd1+ 33. Kh2 Qc6 34. Ng3 Qxc2 35. Nh1 Rxh1+ 36. Kxh1 Qxf2 37. Re1 Bf3# 0-1

[Event "Live Chess"]
[Site "Chess.com"]
[Date "2023.05.20"]
[Round "-"]
[White "mattihelenius2"]
[Black "YF22Raptor"]
[Result "0-1"]
[WhiteElo "445"]
[BlackElo "1007"]
[TimeControl "300"]
[EndTime "10:03:57 PDT"]
[Termination "YF22Raptor won by resignation"]

1. d4 c6 2. c3 d5 3. Nf3 Nf6 4. Ne5 Bg4 5. Bg5 Bf5 6. Nd2 h6 7. Bxf6 exf6 8. Ndf3 fxe5 9. Nxe5 Bd6 10. e3 Nd7 11.
Nxd7 Qxd7 12. Bd3 Bxd3 13. Qxd3 O-O 14. Rd1 c5 15. O-O c4 16. Qd2 b5 17. Qe2 a5 18. h3 b4 19. cxb4 axb4 20. Ra1 Ra6 21. a3 bxa3 22. Rxa3 Bxa3 23. bxa3 Rxa3 24. Rd1 Qb5 25. Qc2 Re8 26. Qf5 Qb3 27. Re1 Rd8 28. Rb1 Qd3 29. Qf3 Qxb1+ 30. Kh2 Ra1 31. Kg3 Qe4 32.
Qxe4 dxe4 33. Kf4 c3 34. Kxe4 c2 35. f4 c1=Q 0-1

[Event "Live Chess"]
[Site "Chess.com"]
[Date "2023.05.20"]
[Round "-"]
[White "vinni3012"]
[Black "therealab0ne"]
[Result "1-0"]
[WhiteElo "1862"]
[BlackElo "677"]
[TimeControl "300"]
[EndTime "10:04:02 PDT"]
[Termination "vinni3012 won on time"]

1. d4 d5 2. c4 e6 3. Nc3 Nf6 4. Nf3 c5 5. cxd5 exd5 6. Bg5 Be7 7. e3 Nc6 8. Bb5 O-O 9. O-O cxd4 10. Nxd4 Nxd4 11.
Qxd4 a6 12. Be2 b5 13. Bf3 Bb7 14. Rfd1 b4 15. Ne2 Rc8 16. Rac1 Ne4 17. Bxe4 dxe4 18. Qxd8 Rcxd8 19. Bxe7 Rxd1+ 20. Rxd1 Rc8 21. Nd4 Bd5 22.
Bxb4 Bxa2 23. b3 a5 24. Bxa5 Kf8 25. h3 h5 26. Ra1 Bxb3 27. Nxb3 Rc2 28. Nd4 Rc5 29.
Bb4 1-0

[Event "Live Chess"]
[Site "Chess.com"]
[Date "2023.05.20"]
[Round "-"]
[White "LiamBellwood"]
[Black "alexlines8"]
[Result "1-0"]
[WhiteElo "2093"]
[BlackElo "1270"]
[TimeControl "300"]
[EndTime "10:04:11 PDT"]
[Termination "LiamBellwood won by resignation"]

1. d4 Nf6 2. Nc3 d5 3. Bf4 c6 4. e3 Bf5 5. f3 e6 6. g4 Bg6 7. h4 h5 8. g5 Nfd7 9. Bd3 Bxd3 10. Qxd3 g6 11. Nge2 Bb4 12. e4 Bxc3+ 13. Nxc3 Qb6 14.
exd5 cxd5 15. Nb5 Nc6 16. Nc7+ Ke7 17. Nxa8 Rxa8 18. O-O-O Nb4 19. Qa3 a5 20. c3 Qc6 21.
Kb1 Nb6 22. cxb4 axb4 23. Qxb4+ Ke8 24. Rc1 Qd7 25. Qxb6 1-0

[Event "Live Chess"]
[Site "Chess.com"]
[Date "2023.05.20"]
[Round "-"]
[White "viktorskliarov"]
[Black "onemoretime1975"]
[Result "1-0"]
[WhiteElo "2648"]
[BlackElo "1909"]
[TimeControl "300"]
[EndTime "10:04:14 PDT"]
[Termination "viktorskliarov won by resignation"]

1. e4 e6 2. d4 d5 3. e5 c5 4.
c3 Nc6 5. Nf3 Bd7 6. a3 Qb6 7.
b4 cxd4 8. cxd4 a5 9. b5 Na7 10. a4 Bb4+ 11. Bd2 Bxd2+ 12. Nbxd2 Rc8 13. Bd3 Ne7 14. O-O g6 15. Nb3 Qd8 16. Qd2 b6 17. Rac1 h5 18. Rxc8 Naxc8 19. Nc1 Nf5 20. Bxf5 exf5 21.
Nd3 Ne7 22. Rc1 O-O 23. Qh6 f6 24. exf6 Rxf6 25. Ng5 Qe8 26. Qh7+ Kf8 27. Ne5 Be6 28. Qh8+ Bg8 29. Qxf6+ 1-0

[Event "Live Chess"]
[Site "Chess.com"]
[Date "2023.05.20"]
[Round "-"]
[White "Ninifu"]
[Black "martinsmartin63"]
[Result "1-0"]
[WhiteElo "1978"]
[BlackElo "760"]
[TimeControl "300"]
[EndTime "10:04:18 PDT"]
[Termination "Ninifu won by resignation"]

1. d4 d5 2. c4 e6 3. Nf3 c6 4. g3 Bb4+ 5. Bd2 Bxd2+ 6. Nbxd2 Qa5 7. Bg2 Nf6 8. Qc2 Qb4 9. O-O Ne4 10. Nxe4 dxe4 11. Ne5 Nd7 12. Qxe4 Nxe5 13. dxe5 O-O 14. b3 Qc3 15. Rfc1 Qb4 16. c5 Qxe4 17. Bxe4 Bd7 18. Rd1 Rad8 19. Rd6 f6 20. Rad1 fxe5 21. Rxd7 Rxd7 22.
Rxd7 Rf6 23. Bxh7+ Kxh7 24. Rxb7 Rf5 25. Rc7 e4 26. Rxc6 Rd5 27. b4 Rd1+ 28. Kg2 Rd2 29. Rxe6 Rxe2 30. c6 e3 31. Rxe3 Rxa2 32. Rc3 Rb2 33. c7 Rxb4 34. c8=Q 1-0

[Event "Live Chess"]
[Site "Chess.com"]
[Date "2023.05.20"]
[Round "-"]
[White "domrobson"]
[Black "PackedNote"]
[Result "1-0"]
[WhiteElo "1737"]
[BlackElo "784"]
[TimeControl "300"]
[EndTime "10:04:20 PDT"]
[Termination "domrobson won by checkmate"]

1. d4 d6 2. c4 Nf6 3. Nc3 g6 4.
e4 Bg7 5. Be2 O-O 6. Bg5 Nbd7 7.
Qd2 e5 8. d5 c6 9. h4 cxd5 10.
cxd5 Nc5 11. f3 Bd7 12. g4 Qb6 13. Be3 Qc7 14. Nh3 b6 15. Nf2 Rfe8 16. h5 gxh5 17. g5 Qd8 18. gxf6 Qxf6 19. O-O-O Qd8 20. Rxh5 Bf8 21.
Rdh1 f5 22. Bg5 Qc8 23. Rxh7 Bg7 24. Rxg7+ Kxg7 25. Bh6+ Kf6 26. Qg5+ Kf7 27. Qg7# 1-0

[Event "Live Chess"]
[Site "Chess.com"]
[Date "2023.05.20"]
[Round "-"]
[White "Chesscoach_Golichenko"]
[Black "Inglaterra"]
[Result "1-0"]
[WhiteElo "2647"]
[BlackElo "2082"]
[TimeControl "300"]
[EndTime "10:04:27 PDT"]
[Termination "Chesscoach_Golichenko won by resignation"]

1. d4 Nf6 2. c4 e6 3. Nc3 d5 4.
Nf3 Be7 5. Bf4 a6 6. e3 O-O 7. h3 dxc4 8. Bxc4 c5 9. O-O b5 10. Be2 Bb7 11. dxc5 Bxc5 12. Rc1 Nbd7 13. a3 Qb6 14. b4 Be7 15. Qb3 Rac8 16. Rfd1 h6 17. Nd4 Nd5 18. Bf3 Nxc3 19. Rxc3 Rxc3 20. Qxc3 Rc8 21.
Qb3 Bxf3 22. Nxf3 Nf6 23. Ne5 Nd5 24. Bg3 Rc3 25. Qb2 Rc8 26. e4 Nf6 27. Nd7 Nxd7 28. Rxd7 Bf8 29. Qd2 Qc6 30. Kh2 Qxe4 31. Rxf7 Kxf7 32.
Qd7+ Be7 33. Qxc8 a5 34. Qd7 axb4 35. Bd6 Qh4 36. axb4 Qf6 37. f4 g5 38. fxg5 hxg5 39. Qxe7+ Qxe7 40. Bxe7 Kxe7 41. Kg3 Kf6 42. Kf3 Kf5 43. g3 e5 44. h4 g4+ 45. Ke3 Kf6 46. Ke4 Ke6 47. h5 Kf6 48. h6 Kg6 49. Kxe5 Kxh6 50.
Kf5 Kh5 51. Kf4 1-0

[Event "Live Chess"]
[Site "Chess.com"]
[Date "2023.05.20"]
[Round "-"]
[White "friarnator"]
[Black "DenDenTie"]
[Result "1-0"]
[WhiteElo "1982"]
[BlackElo "1505"]
[TimeControl "300"]
[EndTime "10:04:32 PDT"]
[Termination "friarnator won on time"]

1. e4 e5 2. d4 d6 3. Nf3 Nf6 4.
dxe5 Nxe4 5. Bc4 Be6 6. Bd5 c6 7.
Bxe4 d5 8. Bd3 Nd7 9. O-O Bc5 10. Bg5 Qc7 11. Nbd2 O-O 12. Bf4 Rfe8 13. Nb3 Bb6 14. Bxh7+ Kxh7 15. Qd3+ Kg8 16. Ng5 Kf8 17. Nh7+ Ke7 18.
Bg5+ f6 19. exf6+ gxf6 20. Qg6 Qe5 21. Rae1 Qxb2 22. Rxe6+ Kxe6 23. Re1+ Kd6 24. Bf4+ Ne5 25. Qxf6+ Kc7 26. Bxe5+ Kd7 27. Qf5+ 1-0

[Event "Live Chess"]
[Site "Chess.com"]
[Date "2023.05.20"]
[Round "-"]
[White "ZackirtyChess"]
[Black "VovaOvchar1990"]
[Result "1-0"]
[WhiteElo "1153"]
[BlackElo "1177"]
[TimeControl "300"]
[EndTime "10:04:33 PDT"]
[Termination "ZackirtyChess won by checkmate"]

1. e4 e5 2. Nf3 Nc6 3. Bb5 Nge7 4. O-O a6 5. Ba4 b5 6. Bb3 a5 7. a4 b4 8. c3 Ng6 9. cxb4 Bxb4 10. d4 exd4 11. Nxd4 Nxd4 12. Qxd4 O-O 13. Nc3 c5 14. Qd5 Ba6 15. Re1 Nf4 16. Qf5 Nd3 17. Re3 c4 18. Bc2 g6 19. Qh3 Qf6 20. Rf3 Qd4 21. Bxd3 cxd3 22.
Be3 Qe5 23. Bf4 Qc5 24. Qxd7 Bxc3 25. bxc3 Qxc3 26. Rc1 Qa3 27. Qd4 Rfd8 28. Qf6 Rac8 29. Rxc8 Rxc8 30. h3 Qa1+ 31. Qxa1 Rc2 32. Bh6 d2 33.
Qg7# 1-0

[Event "Live Chess"]
[Site "Chess.com"]
[Date "2023.05.20"]
[Round "-"]
[White "Conradical12"]
[Black "PaulyD81"]
[Result "0-1"]
[WhiteElo "1485"]
[BlackElo "1124"]
[TimeControl "300"]
[EndTime "10:04:53 PDT"]
[Termination "PaulyD81 won by checkmate"]

1. e4 d5 2. exd5 Qxd5 3. Nc3 Qa5 4. b4 Qxb4 5. Nb5 Qa5 6. Bc4 c6 7. Bxf7+ Kxf7 8. Qh5+ g6 9. Nd6+ exd6 10. Qxa5 b6 11. Qa4 Bb7 12. Bb2 Nf6 13. Qf4 Bg7 14. Qxd6 c5 15.
Qc7+ Nbd7 16. Qxb7 Rae8+ 17. Kf1 Ne4 18. Bxg7 Nxd2# 0-1

[Event "Live Chess"]
[Site "Chess.com"]
[Date "2023.05.20"]
[Round "-"]
[White "KuriyamaMiraiUA"]
[Black "SimpleHarmonic1"]
[Result "0-1"]
[WhiteElo "655"]
[BlackElo "2070"]
[TimeControl "300"]
[EndTime "10:04:58 PDT"]
[Termination "SimpleHarmonic1 won by checkmate"]

1. d4 Nf6 2. c4 e6 3. Nc3 Bb4 4. e3 O-O 5. Bd3 b6 6. Ne2 Bb7 7. O-O d5 8. a3 Bxc3 9. Nxc3 c5 10. dxc5 bxc5 11. b4 d4 12. exd4 cxd4 13. Ne2 h6 14.
Bf4 Re8 15. Be5 Nc6 16. Bxf6 Qxf6 17. Ng3 e5 18. Ne4 Qe7 19. b5 Nd8 20. c5 Bxe4 21.
Bxe4 Rc8 22. c6 Ne6 23. Qf3 Ng5 24. Qf5 Nxe4 25. Qxe4 g6 26. Rac1 f5 27. Qd5+ Kh7 28. Rfe1 Rcd8 29. Qc5 Qxc5 30. Rxc5 e4 31. c7 Rc8 32.
Rd1 d3 33. f3 e3 34. Rxd3 e2 35. h3 e1=Q+ 36. Kh2 f4 37. Rd7+ Kg8 38. Rd8 Rcxd8 39. cxd8=Q Rxd8 40. Rc7 Qg3+ 41. Kg1 Rd1# 0-1

[Event "Live Chess"]
[Site "Chess.com"]
[Date "2023.05.20"]
[Round "-"]
[White "AwesomeFredster"]
[Black "Alan_Richardson"]
[Result "0-1"]
[WhiteElo "1378"]
[BlackElo "1643"]
[TimeControl "300"]
[EndTime "10:04:58 PDT"]
[Termination "Alan_Richardson won by resignation"]

1. e4 c5 2. Nf3 Nc6 3. Bb5 Qc7 4. c3 Nf6 5. d4 Nxe4 6. dxc5 Nxc5 7. Bxc6 bxc6 8. Ne5 Qxe5+ 9. Qe2 Nd3+ 10. Kd1 Qxe2+ 0-1

[Event "Live Chess"]
[Site "Chess.com"]
[Date "2023.05.20"]
[Round "-"]
[White "Tema1107"]
[Black "lightningorderyt"]
[Result "1-0"]
[WhiteElo "1982"]
[BlackElo "535"]
[TimeControl "300"]
[EndTime "10:05:00 PDT"]
[Termination "Tema1107 won by resignation"]

1. d4 d5 2. c4 Nf6 3. Nf3 c6 4. cxd5 cxd5 5. Nc3 Nc6 6. Bf4 Bf5 7. a3 e6 8. e3 Bd6 9. Bg3 O-O 10. Bd3 Bxg3 11. hxg3 Bxd3 12. Qxd3 h6 13. O-O Qb6 14.
b4 Rfe8 15. Na4 Qc7 16. Rac1 b5 17. Qxb5 Rac8 18. Ne5 a6 19. Qxa6 Ne4 20. Rxc6 Qd7 1-0

[Event "Live Chess"]
[Site "Chess.com"]
[Date "2023.05.20"]
[Round "-"]
[White "GEMdzq"]
[Black "LL220284LL"]
[Result "0-1"]
[WhiteElo "2272"]
[BlackElo "2411"]
[TimeControl "300"]
[EndTime "10:05:04 PDT"]
[Termination "LL220284LL won by resignation"]

1. e4 c5 2. d4 cxd4 3. c3 dxc3 4. Nxc3 e6 5. Bc4 Nc6 6. Nf3 Nf6 7. Qe2 Bc5 8. O-O d6 9. h3 h6 10. Rd1 e5 11. a3 O-O 12. b4 Nd4 13. Nxd4 Bxd4 14.
Bb2 Bd7 15. Rd2 Rc8 16. Nb5 Bxb5 17. Bxb5 Bxb2 18. Rxb2 Qb6 19. Rd2 a6 20. Ba4 Rc3 21.
Rd3 Rfc8 22. Qd2 Nxe4 23. Qe3 Qxe3 24. Rxe3 Rxe3 25. fxe3 Rc3 26. Rd1 Rxa3 27. Bc2 Rxe3 28. Bxe4 Rxe4 29. Rxd6 Rxb4 0-1

[Event "Live Chess"]
[Site "Chess.com"]
[Date "2023.05.20"]
[Round "-"]
[White "JanMur7"]
[Black "grillage"]
[Result "1-0"]
[WhiteElo "1993"]
[BlackElo "1846"]
[TimeControl "300"]
[EndTime "10:05:14 PDT"]
[Termination "JanMur7 won by resignation"]

1. e4 d5 2. exd5 Qxd5 3. Nc3 Qd8 4. Bc4 Nf6 5. Nf3 a6 6. Ne5 e6 7. O-O Nbd7 8. d4 Nxe5 9. dxe5 Nd7 10. Qh5 b5 11.
Bxe6 Nxe5 12. Bxc8 Qf6 13. Bb7 Bc5 14. Bxa8 Bxf2+ 15. Rxf2 1-0

[Event "Live Chess"]
[Site "Chess.com"]
[Date "2023.05.20"]
[Round "-"]
[White "Crowded_House"]
[Black "Chris_pea"]
[Result "1-0"]
[WhiteElo "1697"]
[BlackElo "615"]
[TimeControl "300"]
[EndTime "10:05:17 PDT"]
[Termination "Crowded_House won on time"]

1. d4 e6 2. Nf3 d5 3. Bg5 Ne7 4. e3 h6 5. Bh4 Nbc6 6. c3 g5 7.
Bg3 Bg7 8. Nbd2 e5 9. dxe5 Nxe5 10. Nxe5 Bf5 11. Nb3 f6 12. Nf3 Qd7 13. Bd3 O-O-O 14. Nc5 Qc6 15. Bxf5+ Nxf5 16. Nb3 Nxg3 17. hxg3 Rhe8 18.
Nfd4 Qc4 19. Qe2 Qxe2+ 20. Kxe2 b6 21. Nf5 Bh8 22. Nxh6 Re5 23. Nf7 Rde8 24. Nxe5 1-0

[Event "Live Chess"]
[Site "Chess.com"]
[Date "2023.05.20"]
[Round "-"]
[White "TobyQuaite"]
[Black "WelshTiger"]
[Result "0-1"]
[WhiteElo "1700"]
[BlackElo "2430"]
[TimeControl "300"]
[EndTime "10:05:17 PDT"]
[Termination "WelshTiger won by resignation"]

1. e4 e5 2. Nf3 Nc6 3. d4 exd4 4. Bc4 Nf6 5. O-O Nxe4 6. Re1 d5 7. Bxd5 Qxd5 8. Nc3 Qh5 9. Nxe4 Be6 10. Neg5 O-O-O 11. Nxe6 fxe6 12. Bg5 Rd5 13. Qd2 Bd6 14. Rxe6 Rf8 15. h4 h6 16. Rxd6 Rxd6 17. Bf4 Rdf6 18. Bg3 Qg4 19. Re1 Qd7 20. c3 dxc3 21. Qxc3 Re8 22. Be5 Nxe5 23. Nxe5 Qf5 24. Nf3 Rxe1+ 25. Qxe1 Qd5 0-1

[Event "Live Chess"]
[Site "Chess.com"]
[Date "2023.05.20"]
[Round "-"]
[White "yarek"]
[Black "jusjoel"]
[Result "1-0"]
[WhiteElo "1900"]
[BlackElo "297"]
[TimeControl "300"]
[EndTime "10:05:19 PDT"]
[Termination "yarek won by resignation"]

1. e4 e5 2. Nf3 d6 3. Bc4 f6 4. Nc3 c6 5. O-O d5 6. exd5 cxd5 7. Bxd5 Bg4 8. Re1 Bxf3 9. Qxf3 Ne7 10. Bxb7 Qb6 11. Bxa8 Nd5 12. Nxd5 Bc5 13. Nxb6 Bxb6 14. Bc6+ Nxc6 15. Qxc6+ Ke7 16. c3 h5 17. d4 Rc8 18.
Qxc8 1-0

[Event "Live Chess"]
[Site "Chess.com"]
[Date "2023.05.20"]
[Round "-"]
[White "alanmike75"]
[Black "risinghelios"]
[Result "0-1"]
[WhiteElo "1483"]
[BlackElo "1955"]
[TimeControl "300"]
[EndTime "10:05:23 PDT"]
[Termination "risinghelios won by resignation"]

1. e4 c5 2. Nf3 Nc6 3. d4 cxd4 4. Nxd4 g6 5. Nc3 Bg7 6. Be3 Qb6 7. Nb3 Qc7 8. Qd2 Nf6 9. Bd3 O-O 10. O-O Ne5 11. h3 Nxd3 12. cxd3 d6 13. Bh6 Be6 14. Bxg7 Kxg7 15. Nd4 Rac8 16. Rac1 Qb6 17. Nxe6+ fxe6 18. b3 Nd7 19. Na4 Qa6 20. d4 Nb6 21. Nxb6 Qxb6 22. Rxc8 Rxc8 23. Qg5 Rc7 24. Rd1 h6 25. Qf4 Qa6 26. e5 d5 27. Rd3 Qxd3 0-1

[Event "Live Chess"]
[Site "Chess.com"]
[Date "2023.05.20"]
[Round "-"]
[White "Horseymobile"]
[Black "CheckThis4"]
[Result "0-1"]
[WhiteElo "1249"]
[BlackElo "2542"]
[TimeControl "300"]
[EndTime "10:05:24 PDT"]
[Termination "CheckThis4 won by resignation"]

1. d4 Nf6 2. c4 c5 3. d5 b5 4. Nf3 Bb7 5. cxb5 Bxd5 6. Nc3 Bb7 7.
Bf4 d5 8. e3 e6 9. Qa4 Nbd7 10.
O-O-O Nb6 11. Qa5 Bd6 12. Ne5 O-O 13. Bd3 Qc7 14. Ne2 Bxe5 0-1

[Event "Live Chess"]
[Site "Chess.com"]
[Date "2023.05.20"]
[Round "-"]
[White "EdenHazard8"]
[Black "tpm07"]
[Result "0-1"]
[WhiteElo "2113"]
[BlackElo "1996"]
[TimeControl "300"]
[EndTime "10:05:26 PDT"]
[Termination "tpm07 won by checkmate"]

1. e4 e5 2. Nf3 Nc6 3. Bc4 Nf6 4. Ng5 d5 5. exd5 Na5 6. Bb5+ c6 7. dxc6 bxc6 8.
Bd3 Ng4 9. Nf3 f5 10. h3 Nxf2 11. Kxf2 Bc5+ 12. Kg3 e4 13. Re1 Qc7+ 14. Kh4 Be7+ 15. Kh5 g6+ 16. Kh6 Bf8+ 17. Kg5 Qg3+ 18. Kf6 Bd6 19. Bxe4 O-O# 0-1

[Event "Live Chess"]
[Site "Chess.com"]
[Date "2023.05.20"]
[Round "-"]
[White "KGreenGator"]
[Black "DorothyDawn"]
[Result "1-0"]
[WhiteElo "1768"]
[BlackElo "467"]
[TimeControl "300"]
[EndTime "10:05:27 PDT"]
[Termination "KGreenGator won by checkmate"]

1. c4 c5 2. Nc3 Nc6 3. e3 d6 4. d4 e5 5. d5 Nb4 6. a3 Na6 7. Nf3 g6 8. e4 f5 9. Bg5 Qd7 10. Bd3 Bg7 11. O-O Nf6 12. Re1 O-O 13. exf5 Qxf5 14. Bxf5 Ne4 15. Bxe4 Bg4 16. Nb5 Bxf3 17.
Bxf3 e4 18. Bxe4 Rxf2 19. Kxf2 Rf8+ 20. Bf3 Nc7 21. Nxc7 Bd4+ 22. Kg3 Bxb2 23. Ra2 Be5+ 24. Kh3 Rf5 25. Be3 h5 26. Qb3 g5 27. Bxh5 g4+ 28.
Bxg4 Rg5 29. Bxg5 a6 30. Be6+ Kg7 31. Qf3 Kg6 32. Qf5+ Kh5 33. Bf7# 1-0

[Event "Live Chess"]
[Site "Chess.com"]
[Date "2023.05.20"]
[Round "-"]
[White "JackRudd"]
[Black "BearFromUkraine"]
[Result "1-0"]
[WhiteElo "2399"]
[BlackElo "1139"]
[TimeControl "300"]
[EndTime "10:05:27 PDT"]
[Termination "JackRudd won by resignation"]

1. d4 d5 2. c4 e6 3. Nc3 Nf6 4. cxd5 Nxd5 5. Bg5 Qxg5 6. Nf3 Qd8 7. e4 Nxc3 8. bxc3 Be7 9. Bd3 O-O 10. h4 Nc6 11. e5 b6 12. Bxh7+ Kxh7 13. Ng5+ Bxg5 14.
hxg5+ Kg8 15. Qh5 f6 16. g6 1-0

[Event "Live Chess"]
[Site "Chess.com"]
[Date "2023.05.20"]
[Round "-"]
[White "ChessTWSS"]
[Black "omisoc"]
[Result "0-1"]
[WhiteElo "1672"]
[BlackElo "2150"]
[TimeControl "300"]
[EndTime "10:05:28 PDT"]
[Termination "omisoc won by checkmate"]

1. d4 g6 2. Bf4 Bg7 3. e3 d6 4.
Nf3 b6 5. c3 Bb7 6. Bd3 Nf6 7.
Nbd2 O-O 8. O-O c5 9. a4 Qc8 10.
a5 Nbd7 11. axb6 axb6 12. Rxa8 Qxa8 13. Qa1 Bc6 14. Qxa8 Rxa8 15. Nb3 Bd5 16. Ra1 Rxa1+ 17. Nxa1 Kf8 18. Bb5 Ke8 19. Bxd7+ Kxd7 20. Nd2 Ne4 21. Nxe4 Bxe4 22. dxc5 bxc5 23. f3 Bb1 24. e4 f5 25.
exf5 gxf5 26. g4 e5 27. Bg3 Ke6 28. gxf5+ Kxf5 29. h4 c4 30. b3 e4 31. fxe4+ Kxe4 32. bxc4 Bxc3 33. Bxd6 Bxa1 34. c5 Be5 35. Bxe5 Kxe5 36.
c6 Kd6 37. c7 Kxc7 38. Kg2 Kd6 39. Kg3 Ke5 40. Kg4 Kf6 41. Kh5 Kf5 42. Kh6 Kg4 43.
Kg7 Kxh4 44. Kh6 Kg4 45. Kg7 h5 46. Kh6 h4 47. Kg7 h3 48. Kf6 h2 49. Ke6 h1=Q 50. Ke5 Qe1+ 51. Kd5 Kf5 52. Kd6 Qe5+ 53. Kc6 Ke6 54. Kb6 Bh7 55. Ka6 Qc5 56. Kb7 Kd7 57. Ka6 Qb4 58. Ka7 Kc7 59. Ka6 Qb6# 0-1

[Event "Live Chess"]
[Site "Chess.com"]
[Date "2023.05.20"]
[Round "-"]
[White "Ra2orLeaf"]
[Black "LodeshChess"]
[Result "0-1"]
[WhiteElo "1135"]
[BlackElo "936"]
[TimeControl "300"]
[EndTime "10:05:33 PDT"]
[Termination "LodeshChess won by checkmate"]

1. c4 e5 2. Nc3 c6 3. g3 d5 4. cxd5 cxd5 5. d4 e4 6. Bg2 Nf6 7. e3 Bb4 8. Ne2 Nc6 9. O-O Be6 10. a3 Ba5 11. b4 Bc7 12. b5 Na5 13. Na4 b6 14. Bd2 Qd7 15. Bxa5 bxa5 16. Rb1 Bh3 17. Nc5 Qc8 18. Qa4 O-O 19. Rfc1 Bxg2 20. Kxg2 Qf5 21.
Na6 Bb6 22. Nf4 g5 23. Ne2 Ng4 24. Rf1 Rfc8 25. Nc5 Qf3+ 26. Kg1 Qxe2 27. Nd7 Rc2 28. Nxb6 Nxf2 29. Nxa8 Nh3+ 30. Kh1 Qxh2# 0-1

[Event "Live Chess"]
[Site "Chess.com"]
[Date "2023.05.20"]
[Round "-"]
[White "Jeffaroow"]
[Black "IanCalvert2"]
[Result "0-1"]
[WhiteElo "450"]
[BlackElo "1643"]
[TimeControl "300"]
[EndTime "10:05:35 PDT"]
[Termination "IanCalvert2 won by resignation"]

1. e4 d5 2. Nf3 dxe4 3. Ng5 Bf5 4. d3 exd3 5. Bxd3 Bxd3 6. Qxd3 Qxd3 7. cxd3 Nf6 8. Nc3 h6 9. Nf3 Nc6 10. O-O O-O-O 11.
d4 Nxd4 12. Be3 Nxf3+ 13. gxf3 a6 14. Rad1 e6 15. Rxd8+ Kxd8 16. Rd1+ Kc8 17. Ne4 Nxe4 18. fxe4 Be7 19. Rc1 Kb8 20. Bf4 Bd6 21. Bxd6 cxd6 22.
Rd1 Rd8 23. e5 Kc7 24. exd6+ Rxd6 25. Rf1 Rd2 26. Rb1 Kd6 27. a3 e5 28. b4 b5 29. Rc1 f5 30. Rc8 Ra2 31. Rg8 Rxa3 32. Rxg7 Ra4 33. Rg6+ Kd5 34. Rxh6 Rxb4 35. Rxa6 Rb1+ 36.
Kg2 b4 37. Ra5+ Ke4 38. Rb5 Kf4 39. f3 Rb2+ 40. Kh1 Kxf3 41. Rxe5 Rb1+ 0-1

[Event "Live Chess"]
[Site "Chess.com"]
[Date "2023.05.20"]
[Round "-"]
[White "hturner40"]
[Black "1600x"]
[Result "0-1"]
[WhiteElo "1839"]
[BlackElo "1349"]
[TimeControl "300"]
[EndTime "10:05:37 PDT"]
[Termination "1600x won on time"]

1. g3 e5 2. c4 d5 3. cxd5 Qxd5 4.
Nf3 Qc5 5. Nc3 Nc6 6. Bg2 Nf6 7. O-O Be7 8. d3 O-O 9. Be3 Nd4 10. Rc1 Nxf3+ 11.
Bxf3 Qb4 12. b3 c6 13. Bg2 Qa5 14. Bd2 Bb4 15. a4 Be6 16. Nb1 Rfd8 17. Qe1 Rd4 18. Bc3 Re8 19. Bxb4 Rxb4 20. Nd2 Qc7 21. Rb1 Qe7 22. Nc4 Bxc4 23. dxc4 e4 24. Qc3 e3 0-1

[Event "Live Chess"]
[Site "Chess.com"]
[Date "2023.05.20"]
[Round "-"]
[White "mach247"]
[Black "Prijmak"]
[Result "1-0"]
[WhiteElo "1354"]
[BlackElo "980"]
[TimeControl "300"]
[EndTime "10:05:39 PDT"]
[Termination "mach247 won by resignation"]

1. e4 e5 2. Nf3 Nc6 3. Bc4 h6 4.
O-O Bc5 5. c3 Nf6 6. d3 d6 7. a4 a6 8. b4 Ba7 9. Re1 Bg4 10. h3 Bh5 11. Nbd2 O-O 12. Qb3 Qd7 13. b5 axb5 14. Bxb5 d5 15. Nxe5 Nxe5 16. Bxd7 1-0

[Event "Live Chess"]
[Site "Chess.com"]
[Date "2023.05.20"]
[Round "-"]
[White "WilliamofOrange16th"]
[Black "Davidagye"]
[Result "0-1"]
[WhiteElo "1915"]
[BlackElo "1671"]
[TimeControl "300"]
[EndTime "10:05:45 PDT"]
[Termination "Davidagye won by resignation"]

1. b3 Nf6 2. Bb2 e6 3. c4 d5 4. cxd5 exd5 5. e3 c6 6. h3 Bd6 7.
Nf3 O-O 8. Nc3 Bf5 9. d3 Nbd7 10. Be2 Re8 11. O-O Bg6 12. Nh4 Bb8 13. Nxg6 fxg6 14.
g3 Qc7 15. Bf3 Rxe3 16. fxe3 Qxg3+ 17. Bg2 Qh2+ 18. Kf2 Qg3+ 19. Ke2 Qxg2+ 20. Rf2 Qxh3 21. Qg1 Ng4 22. Rf3 Qh5 23. Qg2 Nge5 24. Rh1 Qxf3+ 25.
Qxf3 Nxf3 26. Kxf3 Bd6 27. d4 Rf8+ 28. Ke2 Re8 29.
Kd3 Nf6 30. Re1 Ne4 31. Ne2 Bg3 32. Rf1 Nf2+ 33. Kd2 Ne4+ 34. Kd3 Bd6 35. Bc3 Nxc3 36. Nxc3 Bb4 37. Ne2 c5 38. Nf4 cxd4 39. exd4 Rf8 40.
Ke2 Bd6 41. Nxd5 Rxf1 42. Kxf1 g5 43. Ne3 g6 44. Nc4 Bc7 45. Kf2 Kf7 46. d5 b5 47.
d6 Bb6+ 48. Kf3 bxc4 0-1

[Event "Live Chess"]
[Site "Chess.com"]
[Date "2023.05.20"]
[Round "-"]
[White "AdamHunt1"]
[Black "FlyingChessKestrel13"]
[Result "1-0"]
[WhiteElo "2255"]
[BlackElo "2117"]
[TimeControl "300"]
[EndTime "10:05:49 PDT"]
[Termination "AdamHunt1 won by resignation"]

1. e4 c5 2. d4 cxd4 3. c3 dxc3 4. Nxc3 e6 5. Nf3 d6 6. Bc4 Nf6 7. O-O Be7 8. Qe2 O-O 9. Rd1 Bd7 10. e5 dxe5 11.
Nxe5 Qc7 12. Bf4 Rc8 13. Bb3 Bc6 14. Ng6 1-0

[Event "Live Chess"]
[Site "Chess.com"]
[Date "2023.05.20"]
[Round "-"]
[White "JoshMcK"]
[Black "kenn48"]
[Result "0-1"]
[WhiteElo "1541"]
[BlackElo "1331"]
[TimeControl "300"]
[EndTime "10:05:50 PDT"]
[Termination "kenn48 won by resignation"]

1. e4 e5 2. Nf3 Nf6 3. Nxe5 Nc6 4. Nxc6 dxc6 5. d3 Bc5 6. Be2 h5 7. c3 Qd6 8. d4 Bb6 9. e5 Qd5 10. exf6 Qxg2 11. Bf3 Qg6 12. Qe2+ Be6 13. fxg7 Qxg7 14. Bf4 O-O-O 15. Nd2 Rde8 16. O-O-O Bxa2 17. Be5 f6 18. Rhg1 Qh6 19. Qd3 fxe5 20. Rg6 Qf4 21. dxe5 Rxe5 22. Rg7 Bc4 23. Qd7+ Kb8 24. Rf7 Bxf7 0-1

[Event "Live Chess"]
[Site "Chess.com"]
[Date "2023.05.20"]
[Round "-"]
[White "lamteama1"]
[Black "guptarayan"]
[Result "0-1"]
[WhiteElo "985"]
[BlackElo "599"]
[TimeControl "300"]
[EndTime "10:05:54 PDT"]
[Termination "guptarayan won on time"]

1. e4 e5 2. Nf3 f5 3. exf5 e4 4. Ne5 Qf6 5. d4 c5 6. Bc4 Nh6 7. g4 cxd4 8. h4 d6 9. g5 Qxe5 10. f4 Qc5 11. b3 a5 12. gxh6 gxh6 13.
a4 Nc6 14. Nd2 e3 15. Ne4 Qb4+ 16. Kf1 Bxf5 17. Nf6+ Ke7 18. Kg2 Kxf6 19. c3 Qxc3 0-1